 Dungeon Crawl Stone Soup version 0.29-a0-341-g24ffce5b50 (webtiles) character file.

Game seed: 15578427135001179197

46 spaghetti the Magician (level 3, -3/26 HPs)
             Began as a Demigod Hedge Wizard on Apr 20, 2022.
             Killed from afar by an orc wizard (12 damage)
             ... with a puff of flame
             ... on level 3 of the Dungeon.
             The game lasted 00:02:27 (1621 turns).

spaghetti the Magician (Demigod Hedge Wizard)       Turns: 1621, Time: 00:02:27

Health: -3/26      AC:  5    Str: 11    XL:     3   Next: 27%
Magic:  13/19      EV: 12    Int: 20    God:
Gold:   29         SH:  0    Dex: 13    Spells: 7/8 levels left

rFire   . . .      SeeInvis .   p - +4 mace "Lamie" {freeze, rElec rPois MP+9 Stlth+, mace}
rCold   . . .      Faith    .   (no shield)
rNeg    . . .      Spirit   .   b - +0 robe
rPois   +          Reflect  .   j - +2 helmet
rElec   +          Harm     .   (no cloak)
rCorr   .          Rampage  .   (no gloves)
Will    .....                   (no boots)
Stlth   +++.......              (no amulet)
HPRegen 0.08/turn               (no ring)
MPRegen 0.16/turn               (no ring)

@: unable to read
A: high MP 1, forlorn, divine attributes, poison resistance, inability to read
while threatened
a: no special abilities


You were on level 3 of the Dungeon.
You visited 1 branch of the dungeon, and saw 3 of its levels.

You collected 29 gold pieces.


Innate Abilities, Weirdness & Mutations

You have an increased reservoir of magic. (+10% MP)
You shall have no god before yourself.
Your divine heritage dramatically boosts your attributes as you level up.
Your system is resistant to poisons. (rPois)
You sometimes lose the ability to read scrolls when taking damage.


   Skills:
 - Level 1.7 Dodging
 - Level 1.7 Stealth
 - Level 3.1 Spellcasting
 - Level 0.8 Conjurations
 - Level 0.8 Summonings
 - Level 0.8 Translocations
 + Level 2.3 Transmutations


You had 7 spell levels left.
You knew the following spells:

 Your Spells              Type           Power      Damage    Failure   Level
a - Magic Dart            Conj           24%        1d4       10%         1

Your spell library contained the following spells:

 Spells                   Type           Power      Damage    Failure   Level
 Slow                     Hex            12%        N/A       14%         1
 Blink                    Tloc           12%        N/A       16%         2
 Call Imp                 Summ           6%         N/A       16%         2
 Conjure Flame            Conj/Fire      4%         6-21      34%         3
 Portal Projectile        Hex/Tloc       8%         N/A       34%         3
 Mephitic Cloud           Conj/Pois/Air  4%         N/A       36%         3
 Blade Hands              Tmut           6%         N/A       83%         5
 Excruciating Wounds      Necr           1%         N/A       98%         5

Inventory:

Hand Weapons
 a - a +0 dagger {short}
 p - the +4 mace "Lamie" (weapon) {freeze, rElec rPois MP+9 Stlth+, mace}
   (You found it on level 2 of the Dungeon)

   It freezes those it strikes, dealing additional cold damage.
   It can also slow down cold-blooded creatures.
   rElec:     It insulates you from electricity.
   rPois:     It protects you from poison.
   MP:        It affects your magic capacity (+9).
   Stlth:     It makes you more stealthy.
Missiles
 o - 13 stones {throwing}
Armour
 b - a +0 robe (worn)
 c - a +0 hat
 j - a +2 helmet (worn)
   (You found it on level 1 of the Dungeon)
Scrolls
 e - 2 scrolls of immolation {unknown}
 f - a scroll of amnesia {unknown}
 h - a scroll of enchant armour {unknown}
 i - 2 scrolls of teleportation {unknown}
 l - 2 scrolls of enchant weapon {unknown}
 m - 2 scrolls of identify {unknown}
Potions
 d - 2 potions of magic

Dungeon Overview and Level Annotations

Branches:
Dungeon (3/15)

Annotations:
D:2 Robin

###. #.# ##'## #.# ##...##
##.## #.....## #...##
...<...## ##.#..#
...>....####.....#########.
........'........{S.o.oo.o.
........####...#.########..
.......## ##.##@# #.....##
####.# ##...## ##.## ##'##
##...## #.# #.....#
#.###########...##
###.#.........##.##
......#######.##.# #.....#
#.##.#


There were no monsters in sight!


Message History

No target in view!
No target in view!
No target in view!
No target in view!
No target in view!
No target in view!
No target in view!
No target in view!
No target in view!
No target in view!
No target in view!
No target in view!
No target in view!
No target in view!
No target in view!
Found an escape hatch in the ceiling. 😎 MP[+4]
Your mp is fully restored (19).
There is an escape hatch in the ceiling here.
Key pressed, stopping explore.
You open the door.
There is an open door here.
Key pressed, stopping explore.
You open the door.
There is an open door here.
You now have 29 gold pieces (gained 3).
i - 2 scrolls labelled PONGAQ YLAACAETT (gained 1) Key pressed, stopping explore.
Really quaff
g - a potion of mutation {!q}?
Really quaff the potion of mutation?
You feel extremely strange.
You begin to regenerate regardless of the presence of monsters.
You feel your surroundings grow louder.
You lose the ability to read scrolls when threatened.
You feel resistant to poisons.
Unknown command.
An orc wizard and an orc come into view.
There are monsters nearby!
There are monsters nearby!
There are monsters nearby!
The magic dart hits the orc wizard but does no damage.
The orc wizard shouts!
The orc shouts!
You hear an angry hiss.
You hear a shout!
The orc wizard gestures wildly while chanting.
The orc wizard flickers and vanishes!
Deactivating autopickup; reactivate with Ctrl-A.
An adder comes into view.
You hear a shout! x2 😎 MP[-1]
You lost 1 mp, and now have 18/19 mp.
The magic dart hits the orc.
You hear a shout!
An orc priest comes into view. It is wielding a +0 hand axe.
You hear a shout!
The magic dart hits the orc.
The magic dart hits the orc.
An orc comes into view. It is wielding a +0 hand axe.
The magic dart hits the orc.
You kill the orc!
The magic dart hits something but does no damage.
The magic dart hits something.
An orc comes into view. It is wielding a +0 short sword.
The magic dart hits something.
You hear some strange, mumbled words.
A puff of flame appears from out of thin air!
The puff of flame hits you!
You are too injured to fight recklessly!
You are too injured to fight recklessly! 😮 HP[-8] MP[-6]
You take 8 damage, and now have 18/26 hp.
MASSIVE DAMAGE!! (PAUSE)
You lost 6 mp, and now have 12/19 mp.
Unknown command.
You hit something. You freeze something.
An orc comes into view. It is wielding a +0 dagger of draining.
Something hits you.
You feel threatened and lose the ability to read scrolls!
Something hits you. 😮 HP[-3]
You take 3 damage, and now have 15/26 hp.
You miss something. Something hits you but does no damage.
The orc shouts!
You hit something. You freeze something.
You can read scrolls again.
You hear a shout!
You hear some strange, mumbled words.
A magic dart appears from out of thin air!
The magic dart hits you!
You feel threatened and lose the ability to read scrolls!
* * * LOW HITPOINT WARNING * * *
😨 HP[-7] MP[+1]
You take 7 damage, and now have 8/26 hp.
MASSIVE DAMAGE!! (PAUSE)
Okay, then.
You cannot read scrolls in your current state!
Unknown command. 😨 HP[+1]
You hear some strange, mumbled words.
A puff of flame appears from out of thin air!
The puff of flame hits you!
You die...

Skill      XL: |  1  2 |
---------------+-------+-----
Spellcasting   | 3 |  3.1
Transmutations | 1 2 |  2.3
Dodging        | |  1.7
Stealth        | |  1.7
Conjurations   | |  0.8
Summonings     | |  0.8
Translocations | |  0.8

Action                   || total
-------------------------++-------
Melee: Dagger            ||    10
       Mace              ||     6
 Cast: Magic Dart        ||    70
  Use: Potion            ||     4
Armor: Robe              ||     9
       Skin              ||    21
Dodge: Dodged            ||    20

Levels and vault maps discovered:
D:1:      sevenhm_arrival_forest_fort_small_6, layout_basic
D:2:      layout_rooms, shapermc_ecumenical_altar_flowoftime, uniq_jessica,
          uniq_robin
D:3:      layout_loops_corners, slow_altar_1, gammafunk_ghost_smash,
          kennysheep_generic_room_7, uniq_sigmund

Notes
Turn   | Place    | Note
-------+----------+-------------------------------------------
     0 | D:1      | spaghetti the Demigod Hedge Wizard began the quest for the
                  | Orb.
     0 | D:1      | Reached XP level 1. HP: 14/14 MP: 6/6
     0 | D:1      | magus.rc [v1.9.6]
   208 | D:1      | Reached skill level 3 in Spellcasting
   344 | D:1      | You pick up a book of Weapons and begin reading...
   344 | D:1      | You add the spells Portal Projectile, Excruciating Wounds
                  | and Blade Hands to your library.
   391 | D:1      | Reached skill level 1 in Transmutations
   391 | D:1      | Reached XP level 2. HP: 15/20 MP: 0/8
  1038 | D:2      | Identified the +4 mace "Lamie" {freeze, rElec rPois MP+9
                  | Stlth+}
  1115 | D:2      | Noticed Robin
  1165 | D:3      | Gained mutation: You do not regenerate when monsters are
                  | visible. [potion of mutation]
  1165 | D:3      | Gained mutation: You passively dampen the noise of your
                  | surroundings. [potion of mutation]
  1166 | D:3      | HP: 5/20 [goblin/+0 club[Robin] (2)]
  1176 | D:3      | Reached skill level 2 in Transmutations
  1181 | D:3      | Reached XP level 3. HP: 11/26 MP: 0/10
  1598 | D:3      | Lost mutation: You do not regenerate when monsters are
                  | visible. [potion of mutation]
  1598 | D:3      | Lost mutation: You passively dampen the noise of your
                  | surroundings. [potion of mutation]
  1598 | D:3      | Gained mutation: You sometimes lose the ability to read
                  | scrolls when taking damage. [potion of mutation]
  1598 | D:3      | Gained mutation: Your system is resistant to poisons.
                  | (rPois) [potion of mutation]
  1621 | D:3      | Killed from afar by an orc wizard

Vanquished Creatures
  A gnoll (D:1)
  An adder (D:3)
  An orc (D:3)
  3 endoplasms
  2 giant cockroaches
  3 hobgoblins
  A quokka (D:1)
  3 ball pythons (D:1)
  3 frilled lizards
  4 goblins
  3 kobolds (D:1)
  2 rats
27 creatures vanquished.

Table legend:
 A = Non-vault XP
 B = Vault XP
 C = Vault XP percentage of total XP
 D = Non-vault monster count
 E = Vault monster count
 F = Vault count percentage of total count
                 A         B        C        D         E       F
            +---------+---------+-------+---------+---------+-------
      Total |      57 |      10 |  14.9 |      22 |       5 |  18.5
            +---------+---------+-------+---------+---------+-------
        D:1 |      31 |       0 |   0.0 |      14 |       0 |   0.0
        D:2 |       4 |       4 |  50.0 |       3 |       2 |  40.0
        D:3 |      22 |       6 |  21.4 |       5 |       3 |  37.5
            +---------+---------+-------+---------+---------+-------

Illustrated notes

Table legend:
 A = Kills in this place as a percentage of kills in entire the game.
 B = Kills by you in this place as a percentage of kills by you in the entire game.
 C = Kills by friends in this place as a percentage of kills by friends in the entire game.
 D = Other kills in this place as a percentage of other kills in the entire game.
 E = Experience gained in this place as a percentage of experience gained in the entire game.
 F = Experience gained in this place divided by the number of levels of this place that you have seen.
                   A       B       C       D       E      F
               +-------+-------+-------+-------+-------+----------------------
         Total | 100.0 | 100.0 |   N/A |   N/A | 100.0 |  22.3
       Dungeon | 100.0 | 100.0 |   N/A |   N/A | 100.0 |  22.3
               +-------+-------+-------+-------+-------+----------------------

Table legend: (Time is in decaauts)
 A = Elapsed time spent in this place.
 B = Non-inter-level travel time spent in this place.
 C = Inter-level travel time spent in this place.
 D = Time resting spent in this place.
 E = Time spent auto-exploring this place.
 F = Levels seen in this place.
 G = Mean time per level.
                   A        B        C        D        E       F      G
               +--------+--------+--------+--------+--------+-----+--------+
         Total |   1623 |   1591 |     32 |    231 |   1176 |   3 |  541.0 |
       Dungeon |   1623 |   1591 |     32 |    231 |   1176 |   3 |  541.0 |
               +--------+--------+--------+--------+--------+-----+--------+

Top non-repeatable levels by time:
     D:1: 979 daAuts
     D:3: 490 daAuts
     D:2: 153 daAuts
